 Dungeon Crawl Stone Soup version 0.31.0-9-g3a7656b989 (webtiles) character file.

Game seed: 18375293854895450480

5734 qw the Nimble (level 10, -3/48 (49) HPs)
             Began as a Spriggan Hunter on Feb 2, 2024.
             Was a Priest of Okawaru.
             Killed by divine providence
             ... invoked by an orc priest
              (11 damage)
             ... on level 9 of the Dungeon.
             The game lasted 00:00:45 (7333 turns).

qw the Nimble (Spriggan Hunter)                     Turns: 7333, Time: 00:00:45

HP:   -3/48 (49)    AC:  9    Str: 14    XL:     10   Next: 48%
MP:   14/14         EV: 30    Int: 10    God:    Okawaru [***...]
Gold: 481           SH:  0    Dex: 31    Spells: 9/9 levels left

rFire   . . .        a - +1 shortbow
rCold   + . .        (shield currently unavailable)
rNeg    . . .        f - quicksilver dragon scales
rPois   +            (helmet restricted)
rElec   .            k - scarf of the Ladybird {shadows, rC+ Str+3 Dex+3}
rCorr   .            (gloves unavailable)
SInv    +            (boots unavailable)
Will    ++...        (no amulet)
Stlth   ++           p - +6 ring of dexterity
HPRegen 0.28/turn    q - ring of poison resistance
MPRegen 0.14/turn

%: no passive effects
@: about to teleport, lightly drained, very quick
A: very small, no large weapons, unfitting armour, see invisible, speed 3,
talons 1, strong 1, subdued magic 1
a: Renounce Religion, Heroism


You were on level 9 of the Dungeon.
You worshipped Okawaru.
Okawaru was most pleased with you.
You visited 2 branches of the dungeon, and saw 10 of its levels.

You collected 481 gold pieces.


Innate Abilities, Weirdness & Mutations

You are very small and have problems with some larger weapons.
You are too small for most types of armour.
You have supernaturally acute eyesight. (SInv)
You cover ground extremely quickly. (Speed+++)
You have sharp toenails.
Your muscles are strong. (Str +4, Int/Dex -1)
Your spells are a little easier to cast, but a little less powerful.


   Skills:
 - Level 4.0 Fighting
 + Level 11.7 Ranged Weapons
 - Level 2.0 Armour
 - Level 12.0 Dodging
 - Level 1.5 Stealth
 - Level 4.0 Invocations


You had 9 spell levels left.
You didn't know any spells.
Your spell library was empty.

Inventory:

Hand Weapons
 a - a +1 shortbow (weapon)
Armour
 f - quicksilver dragon scales (worn)
 h - the +2 robe "Bocukh" {rF+ rC+}
   (You found it on level 2 of the Dungeon)

   rF+:       It protects you from fire.
   rC+:       It protects you from cold.
 k - the scarf of the Ladybird (worn) {shadows, rC+ Str+3 Dex+3}
   (You acquired it on level 2 of the Dungeon)

   Str+3:     It affects your strength (+3).
   Dex+3:     It affects your dexterity (+3).
   rC+:       It protects you from cold.
Jewellery
 p - a +6 ring of dexterity (left hand)
 q - a ring of poison resistance (right hand)
 Y - a +4 ring of slaying {mikee}
Wands
 g - a wand of paralysis (7)
 o - a wand of iceblast (5)
Scrolls
 e - 2 scrolls of teleportation
 i - a scroll of poison {unknown}
 l - a scroll of identify
Potions
 b - 3 potions of heal wounds
 c - a potion of resistance
 d - 9 potions of curing
 j - 2 potions of mutation
 m - 2 potions of might
 n - a potion of brilliance {unknown}

Dungeon Overview and Level Annotations

Branches:
Dungeon (9/15)             Temple (1/1) D:6
   Lair: D:8-11         Orc: D:9-12

Altars:
Cheibriados
Dithmenos
Elyvilon
Fedhas
Gozag
Kikubaaqudgha
Nemelex Xobeh
Okawaru
Qazlal
Ru
Sif Muna
Trog
Uskayaw
Vehumet
Wu Jian
Xom
Yredelemnul

Shops:
D:1 [   D:2 (

Portals:
Bailey: D:8

Annotations:
D:5 2 transporters, qw's ghost, novice SpHu


Message History

The arrow hits the orc warrior but does no damage.
The orc warrior is moderately wounded.
The orc warrior closely misses you.
You shoot an arrow.
The arrow hits the orc warrior but does no damage.
The orc warrior is moderately wounded.
The orc priest mumbles some strange prayers to Beogh against you.
Beogh smites you! The orc warrior completely misses you.
You shoot an arrow.
The arrow closely misses the orc warrior.
The arrow hits the orc but does no damage.
The orc priest calls upon Beogh to heal the orc warrior.
The orc warrior is healed somewhat.
The orc warrior barely misses you.
You shoot an arrow.
The arrow barely misses the orc warrior.
The orc completely misses you.
The orc priest mumbles some strange prayers to Beogh against you.
Beogh smites you!
The orc warrior hits you with a +0 hand axe!
7330 ||| READING 3 scrolls of teleportation.
As you read the scroll of teleportation, it crumbles to dust.
You feel strangely unstable. The orc misses you.
The orc warrior closely misses you.
You shoot an arrow.
The arrow barely misses the orc warrior.
The arrow hits the orc priest!
The orc priest is severely wounded.
The orc misses you.
The orc priest calls upon Beogh to heal the orc warrior.
The orc warrior's wounds heal themselves!
You shoot an arrow.
The arrow closely misses the orc warrior.
The orc closely misses you. The orc priest closely misses you.
The orc warrior misses you.
You shoot an arrow.
The arrow barely misses the orc warrior.
The orc hits you with a +0 hand axe.
The orc priest invokes the aid of Beogh against you.
Beogh smites you!
You die...

..........# ...........
######.....
#########.####
#.............
#.......#.##.#
..##############.#.##..
.....o...........<.##..
.##o.@.....####.####..
......o.....# #.# #..
####........# #.# #..
#.######## #.# #.> #.
#.# #.. #. #.# #.. #
#.####.. #.......
#..####.


You could see an orc warrior, an orc priest and an orc.

Vanquished Creatures
  Erica (D:8)
  A troll (D:7)
  A wyvern (D:5)
  A steam dragon (D:9)
  An acid dragon (D:9)
  3 water moccasins
  An ice beast (D:5)
  A black bear (D:5)
  A centaur (D:9)
  2 ogres
  2 phantoms
  3 kobold brigands (D:7)
  A scorpion (D:6)
  3 bullfrogs
  3 gnoll sergeants
  18 wights
  22 killer bees
  5 howler monkeys
  A bombardier beetle (D:7)
  2 hounds
  2 jellies
  7 orc priests
  Ijyb (D:4)
  4 iguanas
  5 orc wizards
  Robin (D:4)
  15 gnolls
  5 adders
  A shadow imp (D:5)
  2 white imps
  3 ufetubi
  6 dart slugs
  A ribbon worm (D:2)
  16 orcs
  10 endoplasms
  7 giant cockroaches
  15 goblins
  11 hobgoblins
  26 kobolds
  4 quokkas
  4 ball pythons
  4 bats
  2 frilled lizards
  5 rats
230 creatures vanquished.

Notes
Turn   | Place    | Note
-------+----------+-------------------------------------------
     0 | D:1      | qw the Spriggan Hunter began the quest for the Orb.
     0 | D:1      | Reached XP level 1. HP: 10/10 MP: 2/2
     0 | D:1      | 0 ||| qw: Version: 0.3-a-155-g5e7d8dd
     0 | D:1      | 0 ||| qw: Game counter: 1872
     0 | D:1      | 0 ||| qw: Melee chars always use a shield: true
     0 | D:1      | 0 ||| qw: God list: Okawaru
     0 | D:1      | 0 ||| qw: Allow faded altars: false
     0 | D:1      | 0 ||| qw: Do Orc after clearing Dungeon:15 true
     0 | D:1      | 0 ||| qw: Do second Lair branch before Depths: true
     0 | D:1      | 0 ||| qw: Lair rune preference: random
     0 | D:1      | 0 ||| qw: Goals: Normal
     0 | D:1      | 0 ||| PLANNING D:1-11
    41 | D:1      | Found Yqyneis's Armour Shop.
    64 | D:1      | Reached skill level 3 in Dodging
   212 | D:1      | HP: 2/10 [hobgoblin (4)]
   217 | D:1      | Reached XP level 2. HP: 5/14 MP: 3/3
   326 | D:1      | Reached skill level 4 in Dodging
   471 | D:1      | Found a faded altar of an unknown god.
   922 | D:1      | 922 ||| UPGRADING to +4 ring of slaying {mikee}.
   923 | D:1      | 923 ||| READING scroll labelled COFOLA XEUNG.
   923 | D:1      | Identified a scroll of acquirement
   923 | D:1      | 923 ||| ACQUIRING +1 troll leather armour
   923 | D:1      | Acquired a +1 troll leather armour
   925 | D:1      | 925 ||| UPGRADING to +1 troll leather armour.
   935 | D:1      | 935 ||| DROPPING +0 robe.
   936 | D:1      | 936 ||| READING scroll labelled TONISCH BIEZAF.
   941 | D:1      | 941 ||| DRINKING 3 lumpy orange potions.
   942 | D:1      | 942 ||| DROPPING scroll of butterflies.
   985 | D:2      | Reached XP level 3. HP: 18/18 MP: 4/4
  1073 | D:2      | Identified the +2 robe "Bocukh" {rF+ rC+}
  1149 | D:2      | 1149 ||| READING scroll of acquirement.
  1149 | D:2      | 1149 ||| ACQUIRING scarf of the Ladybird {shadows, rC+
                  | Str+3 Dex+3}
  1149 | D:2      | Acquired the scarf of the Ladybird {shadows, rC+ Str+3
                  | Dex+3}
  1151 | D:2      | 1151 ||| UPGRADING to +2 robe "Bocukh" {rF+ rC+}.
  1161 | D:2      | 1161 ||| UPGRADING to scarf of the Ladybird {shadows, rC+
                  | Str+3 Dex+3}.
  1166 | D:2      | 1166 ||| UPGRADING to +1 troll leather armour.
  1285 | D:2      | Found Luamna's Weapon Boutique.
  1644 | D:2      | 1644 ||| READING scroll labelled BUAVEANAMU.
  1645 | D:2      | 1645 ||| READING scroll labelled GORPHO EMOODONU.
  1645 | D:2      | 1645 ||| ENCHANTING +0 shortbow.
  1646 | D:2      | 1646 ||| READING scroll labelled VYEHI YNWA.
  1647 | D:2      | 1647 ||| READING 2 scrolls labelled GETHOW XIHA.
  1647 | D:2      | 1647 ||| IDENTIFYING glowing yellow potion
  1648 | D:2      | 1648 ||| READING scroll of identify.
  1648 | D:2      | 1648 ||| IDENTIFYING 3 white potions
  1649 | D:2      | 1649 ||| READING scroll labelled BUICI GUCEA.
  1650 | D:2      | 1650 ||| DROPPING 3 potions of degeneration.
  1676 | D:3      | Noticed a phantom
  1680 | D:3      | Killed a phantom
  1681 | D:3      | Reached skill level 5 in Dodging
  1681 | D:3      | Reached XP level 4. HP: 22/22 MP: 5/5
  1723 | D:3      | Reached XP level 5. HP: 26/26 MP: 6/6
  2503 | D:3      | 2503 ||| DROPPING ring of flight.
  2504 | D:3      | 2504 ||| DRINKING 3 silvery potions.
  2553 | D:4      | Found a stormy altar of Qazlal.
  2601 | D:4      | Reached skill level 6 in Dodging
  2770 | D:4      | Noticed Robin
  2773 | D:4      | Killed Robin
  2774 | D:4      | Reached XP level 6. HP: 30/30 MP: 7/7
  2901 | D:4      | Reached skill level 6 in Ranged Weapons
  2962 | D:4      | Noticed Ijyb
  2963 | D:4      | 2963 ||| FLEEEEING.
  2965 | D:4      | 2965 ||| FLEEEEING.
  2966 | D:4      | 2966 ||| FLEEEEING.
  2977 | D:4      | Killed Ijyb
  3002 | D:4      | Found an ancient bone altar of Kikubaaqudgha.
  3235 | D:4      | 3235 ||| UPGRADING to ring of resist corrosion.
  3236 | D:4      | 3236 ||| UPGRADING to +6 ring of dexterity.
  3238 | D:4      | 3238 ||| UPGRADING to +4 ring of slaying {mikee}.
  3240 | D:4      | 3240 ||| DROPPING ring of resist corrosion.
  3241 | D:4      | 3241 ||| READING 2 scrolls of identify.
  3241 | D:4      | 3241 ||| IDENTIFYING fuming purple potion
  3242 | D:4      | 3242 ||| READING scroll of identify.
  3242 | D:4      | 3242 ||| IDENTIFYING golden potion
  3243 | D:4      | 3243 ||| DROPPING potion of berserk rage.
  3265 | D:5      | Entered Level 5 of the Dungeon
  3354 | D:5      | Found a transporter.
  3358 | D:5      | Noticed qw's ghost (novice SpHu)
  3416 | D:5      | Found a bloodstained altar of Trog.
  3457 | D:5      | Reached skill level 7 in Dodging
  3486 | D:5      | 3486 ||| RETREEEEATING.
  3487 | D:5      | 3487 ||| RETREEEEATING.
  3488 | D:5      | 3488 ||| RETREEEEATING.
  3489 | D:5      | 3489 ||| RETREEEEATING.
  3490 | D:5      | 3490 ||| ZAPPING wand of iceblast (10) at -1,-2 (black
                  | bear; floor).
  3491 | D:5      | 3491 ||| RETREEEEATING.
  3492 | D:5      | 3492 ||| RETREEEEATING.
  3493 | D:5      | 3493 ||| RETREEEEATING.
  3494 | D:5      | 3494 ||| RETREEEEATING.
  3495 | D:5      | 3495 ||| RETREEEEATING.
  3497 | D:5      | Reached skill level 8 in Dodging
  3497 | D:5      | Reached XP level 7. HP: 29/35 MP: 8/8
  3497 | D:5      | 3497 ||| FLEEEEING.
  3519 | D:5      | Found a transporter.
  3617 | D:5      | Noticed a wyvern
  3628 | D:5      | Killed a wyvern
  3734 | D:5      | Reached skill level 9 in Dodging
  3734 | D:5      | Reached XP level 8. HP: 39/39 MP: 9/9
  4027 | D:5      | 4027 ||| READING scroll of identify.
  4027 | D:5      | 4027 ||| IDENTIFYING yellow potion
  4028 | D:5      | 4028 ||| DROPPING potion of attraction.
  4043 | D:6      | Found a sacrificial altar of Ru.
  4048 | D:6      | 4048 ||| FLEEEEING.
  4049 | D:6      | 4049 ||| STAIRDANCE
  4054 | D:6      | 4054 ||| STAIRDANCE
  4325 | D:6      | Found a blossoming altar of Fedhas.
  4514 | D:6      | Found a staircase to the Ecumenical Temple.
  4515 | D:6      | 4515 ||| PLANNING TEMPLE
  4515 | D:6      | 4515 ||| READING scroll labelled AHASESCH KINOMN.
  4616 | D:6      | 4616 ||| READING scroll labelled HAACUA CAPP.
  4617 | D:6      | 4617 ||| DRINKING 2 orange potions.
  4617 | D:6      | Gained mutation: Your muscles are strong. (Str +4, Int/Dex
                  | -1) [potion of mutation]
  4617 | D:6      | Gained mutation: You have sharp toenails. [potion of
                  | mutation]
  4617 | D:6      | Gained mutation: Your spells are a little easier to cast,
                  | but a little less powerful. [potion of mutation]
  4625 | Temple   | Entered the Ecumenical Temple
  4626 | Temple   | 4626 ||| PLANNING D:1-11
  4640 | D:6      | Reached skill level 3 in Fighting
  4648 | D:6      | Found an opulent altar of Gozag.
  4723 | D:6      | Found an iron altar of Okawaru.
  4724 | D:6      | 4724 ||| PLANNING OKAWARU WORSHIP
  4727 | D:6      | Became a worshipper of Warmaster Okawaru
  4728 | D:6      | 4728 ||| PLANNING D:1-11
  4737 | D:6      | Found a radiant altar of Vehumet.
  4915 | D:7      | Noticed a troll
  4916 | D:7      | 4916 ||| ZAPPING wand of iceblast (9) at 4,-1 (floor).
  4917 | D:7      | 4917 ||| ZAPPING wand of iceblast (8) at 4,-1 (troll;
                  | floor).
  4918 | D:7      | 4918 ||| ZAPPING wand of iceblast (7) at 3,-1 (troll;
                  | floor).
  4919 | D:7      | 4919 ||| ZAPPING wand of iceblast (6) at 2,0 (troll;
                  | floor).
  4919 | D:7      | Killed a troll
  4920 | D:7      | Reached skill level 9 in Ranged Weapons
  4923 | D:7      | 4923 ||| RETREEEEATING.
  4926 | D:7      | 4926 ||| RETREEEEATING.
  4927 | D:7      | 4927 ||| RETREEEEATING.
  4940 | D:7      | Reached skill level 10 in Dodging
  4948 | D:7      | Reached * piety under Okawaru
  4998 | D:7      | Found an ornate altar of the Wu Jian Council.
  5101 | D:7      | Reached skill level 1 in Invocations
  5101 | D:7      | Reached XP level 9. HP: 44/44 MP: 10/10
  5232 | D:7      | Reached skill level 11 in Dodging
  5255 | D:7      | Reached skill level 3 in Invocations
  5523 | D:7      | 5523 ||| UPGRADING to quicksilver dragon scales.
  5533 | D:7      | 5533 ||| DROPPING +1 troll leather armour.
  5534 | D:7      | 5534 ||| READING scroll labelled UBAC UVEOMECUE.
  5534 | D:7      | 5534 ||| ENCHANTING +1 shortbow.
  5559 | D:8      | 5559 ||| STAIRDANCE
  5563 | D:8      | 5563 ||| STAIRDANCE
  5597 | D:8      | 5597 ||| STAIRDANCE
  5607 | D:8      | Reached skill level 1 in Armour
  5609 | D:8      | Reached ** piety under Okawaru
  5669 | D:8      | 5669 ||| RETREEEEATING.
  5670 | D:8      | 5670 ||| RETREEEEATING.
  5672 | D:8      | 5672 ||| RETREEEEATING.
  5677 | D:8      | 5677 ||| INVOKING Heroism.
  5814 | D:8      | Noticed Erica
  5815 | D:8      | 5815 ||| INVOKING Heroism.
  5825 | D:8      | Killed Erica
  5826 | D:8      | Reached XP level 10. HP: 34/49 MP: 12/14
  6041 | D:8      | Found a flagged portal.
  6346 | D:8      | 6346 ||| UPGRADING to ring of poison resistance.
  6348 | D:8      | 6348 ||| READING scroll labelled NUDEOPS FINIPH.
  6349 | D:8      | 6349 ||| READING scroll labelled FISKADAQYGH.
  6505 | D:9      | Reached *** piety under Okawaru
  6567 | D:9      | 6567 ||| RETREEEEATING.
  6568 | D:9      | 6568 ||| RETREEEEATING.
  6569 | D:9      | 6569 ||| RETREEEEATING.
  6570 | D:9      | 6570 ||| RETREEEEATING.
  6571 | D:9      | 6571 ||| RETREEEEATING.
  6573 | D:9      | 6573 ||| RETREEEEATING.
  6574 | D:9      | 6574 ||| RETREEEEATING.
  6575 | D:9      | 6575 ||| RETREEEEATING.
  6578 | D:9      | 6578 ||| RETREEEEATING.
  6580 | D:9      | 6580 ||| RETREEEEATING.
  6581 | D:9      | 6581 ||| RETREEEEATING.
  6583 | D:9      | 6583 ||| RETREEEEATING.
  6584 | D:9      | 6584 ||| RETREEEEATING.
  6586 | D:9      | 6586 ||| RETREEEEATING.
  6589 | D:9      | Reached skill level 12 in Dodging
  6768 | D:9      | 6768 ||| RETREEEEATING.
  6769 | D:9      | 6769 ||| RETREEEEATING.
  6802 | D:9      | HP: 12/49 [poisoned by a killer bee]
  7329 | D:9      | HP: 12/48 [orc warrior/+0 hand axe (8)]
  7330 | D:9      | 7330 ||| READING 3 scrolls of teleportation.
  7333 | D:9      | Killed from afar by an orc priest

Levels and vault maps discovered:
D:1:      dpeg_arrival_leaves_temple_mockup, layout_loops_corners,
          shapermc_ecumenical_altar_starsandcircs, serial_shops, shop
D:2:      layout_basic, serial_shops, shop
D:3:      layout_loops_corners
D:4:      layout_gridville, kiku_gazebo_pond_becter,
          nicolae_qazlal_general_emergency, uniq_ijyb, uniq_robin
D:5:      layout_basic, trog_three_pillars_becter, gammafunk_ghost_stat_death,
          glass_columns_a
D:6:      layout_loops_ring, mainiacjoe_overflow_tiny_flanked,
          grunt_gozag_statues, nicolae_ru_awakened_eye,
          amethyst_overflow_temple_binary, minmay_temple_entry_slanted
D:7:      layout_rooms, mainiacjoe_overflow_catwalk, minmay_quadrilaterals
D:8:      layout_cave_pools, enter_bailey_5, serial_bayou_crossing, uniq_erica
D:9:      layout_basic, nicolae_ashenzari_skybound, tso_oasis_becter,
          lair_entry_dummy
Temple:   nicolae_temple_bog_church

Skill      XL: |  1  2  3  4  5  6  7  8  9 10 |
---------------+-------------------------------+-----
Dodging        | 3 4 5 6 8 9 10 11 12 | 12.0
Ranged Weapons | 5 6 7 9 10 11 | 11.7
Fighting       | 2 3 4 |  4.0
Invocations    | 1 4 |  4.0
Armour         | 2 |  2.0
Stealth        | |  1.5

Action                     |  1- 3 |  4- 6 |  7- 9 | 10-12 || total
---------------------------+-------+-------+-------+-------++-------
   Fire: Shortbow          |    91 |   106 |   299 |   177 ||   673
 Invoke: Heroism           |       |       |     2 |       ||     2
  Evoke: Wand              |       |     1 |     4 |       ||     5
    Use: Scroll            |     9 |     2 |     4 |     3 ||    18
         Potion            |     1 |     1 |     1 |       ||     3
 Armour: Robe              |     5 |       |       |       ||     5
         Troll leather arm |       |    12 |    20 |       ||    32
         Quicksilver drago |       |       |    11 |    31 ||    42
  Dodge: Dodged            |    24 |    41 |   211 |   192 ||   468

Table legend:
 A = Non-vault XP
 B = Vault XP
 C = Vault XP percentage of total XP
 D = Non-vault monster count
 E = Vault monster count
 F = Vault count percentage of total count
                 A         B        C        D         E       F
            +---------+---------+-------+---------+---------+-------
      Total |    7027 |    1165 |  14.2 |     208 |      22 |   9.6
            +---------+---------+-------+---------+---------+-------
        D:1 |      39 |       0 |   0.0 |      21 |       0 |   0.0
        D:2 |      47 |       0 |   0.0 |      18 |       0 |   0.0
        D:3 |     166 |       0 |   0.0 |      15 |       0 |   0.0
        D:4 |     163 |      72 |  30.6 |      14 |      13 |  48.1
        D:5 |     952 |       0 |   0.0 |      25 |       0 |   0.0
        D:6 |     596 |       0 |   0.0 |       9 |       0 |   0.0
        D:7 |    1661 |     255 |  13.3 |      46 |       4 |   8.0
        D:8 |    1321 |     838 |  38.8 |      30 |       5 |  14.3
        D:9 |    2082 |       0 |   0.0 |      30 |       0 |   0.0
            +---------+---------+-------+---------+---------+-------
